 Dungeon Sprint DCSS version 0.17-a0-1945-gfe993df (webtiles) character file.

35124 hexophile the Severer (level 13, -2/208 HPs)
             Began as a Naga Berserker on Sept 30, 2015.
             Was the Champion of Trog.
             Slain by a tentacle (5 damage)
             ... attached to a kraken
             ... in the Dungeon (Sprint V: "Ziggurat Sprint").
             The game lasted 00:10:18 (2166 turns).

hexophile the Severer (Naga Berserker)              Turns: 2166, Time: 00:10:18

Health: -2/208     AC: 26    Str: 35    XL:     13   Next: 81%
Magic:  4/6        EV:  8    Int: 11    God:    Trog [******]
Gold:   0          SH: 26    Dex: 20    Spells: 0 memorised, 12 levels left

rFire  . . .     SeeInvis +     Z - +6 broad axe (antimagic)
rCold  . . .     Clarity  .     w - +5 storm dragon armour
rNeg   + . .     SustAt   .     x - +3 large shield
rPois  +         Gourm    .     (no helmet)
rElec  +         Spirit   .     (no cloak)
rCorr  .         Warding  .     (no gloves)
rMut   .         NoTele   +     (no barding)
MR     ++...                    (no amulet)
Stlth  ..........               G - ring "Uleokawa" {AC+5 Dex+6}
                                O - ring of Vopt {Wiz rN+ MR- Str+11 Int+3}

@: berserking, lethally poisoned (-2 -> -8), regenerating, quick, very resistant
to hostile enchantments, extremely unstealthy
A: see invisible, clumsy 1, deformed body, poison resistance, slowness 2, slow
metabolism 1, spit poison 2, constrict 1, AC +4
a: Spit Poison, Burn Spellbooks, Berserk, Trog's Hand, Brothers in Arms,
Renounce Religion


You were in the Dungeon.
You worshipped Trog.
Trog was exalted by your worship.
You were not hungry.

You visited 1 branch


Innate Abilities, Weirdness & Mutations

You cannot wear boots.
Your serpentine skin is tough (AC +4).
You have supernaturally acute eyesight.
Armour fits poorly on your strangely shaped body.
Your system is resistant to poisons.
You cover ground very slowly.
You have a slow metabolism.
You can spit poison.
You can use your snake-like lower body to constrict enemies.
You are clumsy. (Dex -2)

Inventory:

Hand weapons
 j - a +5 executioner's axe of flaming
 Q - a +4 war axe of electrocution
 Z - a +6 antimagic broad axe (weapon)
Armour
 l - a +5 crystal plate armour
 w - a +5 storm dragon armour (worn)
 x - a +3 large shield (worn)
 D - the +2 cloak of the Thief {+Fog Slay-2 SInv Stlth+}
   (You found it in the Dungeon)

   It affects your accuracy and damage with ranged weapons and melee attacks
   (-2).
   It lets you see invisible.
   It can be evoked to emit clouds of fog.
   It makes you more stealthy.
Jewellery
 E - a +4 ring of protection
 G - the ring "Uleokawa" (right hand) {AC+5 Dex+6}
   (You found it in the Dungeon)

   [ring of protection]

   It affects your AC (+5).
   It affects your dexterity (+6).
 O - the ring of Vopt (left hand) {Wiz rN+ MR- Str+11 Int+3}
   (You found it in the Dungeon)

   [ring of wizardry]

   It improves your spell success rate.
   It affects your strength (+11).
   It affects your intelligence (+3).
   It protects you from negative energy.
   It affects your resistance to hostile enchantments.
 Y - the amulet "Luehig" {Stasis rC+ rN+ Int+7}
   (You found it in the Dungeon)

   [amulet of stasis]

   It prevents you from being teleported, slowed, hasted or paralysed.
   It affects your intelligence (+7).
   It protects you from cold.
   It protects you from negative energy.
Magical devices
 y - a wand of disintegration (7)
 z - a wand of fire (5)
 A - a wand of cold (5)
 B - a wand of draining (5)
Scrolls
 i - 4 scrolls of blinking
 o - 3 scrolls of recharging
 p - 7 scrolls of fog
 q - a scroll of holy word
 r - 5 scrolls of identify
 s - 5 scrolls of remove curse
 t - 2 scrolls of fear
 C - 4 scrolls of enchant weapon
Potions
 a - 2 potions of brilliance
 b - 2 potions of invisibility
 d - 10 potions of curing
 e - 10 potions of heal wounds
 f - 5 potions of haste
 g - 7 potions of magic
 h - 3 potions of berserk rage
 k - 4 potions of resistance
 m - 5 potions of agility
 n - 3 potions of might
Books
 H - a book of Callings

   Spells                             Type                      Level
   a - Summon Small Mammal            Summoning                    1
   b - Call Imp                       Summoning                    2
   c - Call Canine Familiar           Summoning                    3
   d - Summon Guardian Golem          Hexes/Summoning              3
   e - Summon Lightning Spire         Summoning/Air                4
   f - Summon Ice Beast               Ice/Summoning                4
   Trog disapproves of the use of such an item.
 J - Garunaq's Guide on Stolen Souls
   (You found it in the Dungeon)

   Spells                             Type                      Level
   a - Animate Skeleton               Necromancy                   1
   b - Sublimation of Blood           Necromancy                   2
   c - Bolt of Draining               Conjuration/Necromancy       5
   Trog disapproves of the use of such an item.
 K - a book of the Warp

   Spells                             Type                      Level
   a - Recall                         Summoning/Translocation      3
   b - Gell's Gravitas                Hexes/Translocation          3
   c - Force Lance                    Conjuration/Translocation    4
   d - Phase Shift                    Translocation                5
   e - Warp Weapon                    Charms/Translocation         5
   f - Summon Forest                  Summoning/Translocation      5
   Trog disapproves of the use of such an item.
 M - Tughodgho's Sorcery, Part Two
   (You found it in the Dungeon)

   Spells                             Type                      Level
   a - Repel Missiles                 Charms/Air                   2
   b - Throw Flame                    Conjuration/Fire             2
   c - Cure Poison                    Poison                       2
   d - Blink                          Translocation                2
   e - Sticks to Snakes               Transmutation                2
   Trog disapproves of the use of such an item.
 N - a book of Maledictions

   Spells                             Type                      Level
   a - Corona                         Hexes                        1
   b - Ensorcelled Hibernation        Hexes/Ice                    2
   c - Confuse                        Hexes                        3
   d - Tukima's Dance                 Hexes                        3
   e - Dazzling Spray                 Conjuration/Hexes            3
   Trog disapproves of the use of such an item.
 P - a book of Air

   Spells                             Type                      Level
   a - Shock                          Conjuration/Air              1
   b - Swiftness                      Charms/Air                   2
   c - Repel Missiles                 Charms/Air                   2
   d - Static Discharge               Conjuration/Air              3
   e - Lightning Bolt                 Conjuration/Air              5
   Trog disapproves of the use of such an item.
 T - a book of Geomancy

   Spells                             Type                      Level
   a - Sandblast                      Earth                        1
   b - Stoneskin                      Transmutation/Earth          2
   c - Passwall                       Transmutation/Earth          3
   d - Stone Arrow                    Conjuration/Earth            3
   e - Petrify                        Transmutation/Earth          4
   f - Lee's Rapid Deconstruction     Earth                        5
   Trog disapproves of the use of such an item.
 V - a book of Callings

   Spells                             Type                      Level
   a - Summon Small Mammal            Summoning                    1
   b - Call Imp                       Summoning                    2
   c - Call Canine Familiar           Summoning                    3
   d - Summon Guardian Golem          Hexes/Summoning              3
   e - Summon Lightning Spire         Summoning/Air                4
   f - Summon Ice Beast               Ice/Summoning                4
   Trog disapproves of the use of such an item.
Miscellaneous
 I - a disc of storms
 L - a sack of spiders
 R - a fan of gales
 S - a stone of tremors
 U - a box of beasts
Comestibles
 c - 3 bread rations
 u - 42 fruits
 v - 3 meat rations
 F - 8 chunks of flesh


You had 12 spell levels left.
You didn't know any spells.


   Skills:
 - Level 15.5 Fighting
 - Level 20.0 Axes
 - Level 16.0 Armour
 - Level 1.5 Dodging
 - Level 14.1 Shields
 + Level 10.1 Evocations

Dungeon Overview and Level Annotations

Branches:
Dungeon (1/1)

Altars:
Ashenzari
Cheibriados
Dithmenos
Elyvilon
Fedhas
Gozag
Kikubaaqudgha
Makhleb
Nemelex Xobeh
Okawaru
Qazlal
Ru
Sif Muna
Trog
Vehumet
Xom
Yredelemnul
Zin
The Shining One
Beogh
Jiyva
Lugonu

Vault maps used:
D:        sprint_v

Vault maps used:
D:        sprint_v
You       could see a kraken, 2 merfolk impalers and 2 tentacles.


Message History

You constrict the harpy.
You kill the harpy!
Trog accepts your kill.
Your Evocations skill increases to level 7!
You feel sick.
The merfolk impaler hits you from afar with a trident of flaming.
* * * LOW HITPOINT WARNING * * *
The merfolk impaler burns you.
* * * LOW HITPOINT WARNING * * *
You slice the alligator snapping turtle!!
You grab the alligator snapping turtle. You slice the harpy!!
You feel the power of Trog in you as your rage grows.
You kill the harpy!
Trog accepts your kill.
You slice the hippogriff like a ripe choko!!!
You feel the power of Trog in you as your rage grows.
You kill the hippogriff!
Trog accepts your kill.
Your Evocations skill increases to level 8!
You hit the tentacle but do no damage. You slash the water nymph!
The water nymph's magic leaks into the air.
You slash the merfolk javelineer!
You constrict the alligator snapping turtle.
You feel sick. You block the tentacle's attack.
The merfolk javelineer throws a steel javelin.
You block the steel javelin.
You hear a splash.
You block the merfolk impaler's attack. The water nymph touches you.
The water nymph drowns you!
* * * LOW HITPOINT WARNING * * *
The alligator snapping turtle bites you!
* * * LOW HITPOINT WARNING * * *
The merfolk impaler closely misses you.
Unknown command.
You slice the alligator snapping turtle!!
You hit the tentacle. You slice the water nymph!!
You kill the water nymph!
Trog accepts your kill. Something appears before you!
You hear a splash.
Trog grants you a gift!
Trog appreciates your killing of a magic user.
You slice the merfolk javelineer!!
You feel the power of Trog in you as your rage grows.
You kill the merfolk javelineer!
Trog accepts your kill.
You hear a splash. x4
Your Evocations skill increases to level 9!
You constrict the alligator snapping turtle, but do no damage.
You feel sick. You block the tentacle's attack.
You block the tentacle's attack.
The merfolk impaler hits you but does no damage.
The tentacle slaps you!
* * * LOW HITPOINT WARNING * * *
You hit the alligator snapping turtle. You slash the tentacle!
You slice the tentacle!! You barely miss the tentacle.
You constrict the alligator snapping turtle, but do no damage.
You feel sick. The tentacle barely misses you.
You block the merfolk impaler's attack.
The tentacle slaps you but does no damage.
You block the tentacle's attack.
The merfolk impaler hits you but does no damage.
You are more poisoned.
You block the alligator snapping turtle's attack.
Unknown command.
You slice the alligator snapping turtle!!
You hit the tentacle. You slash the tentacle! You completely miss the tentacle.
You constrict the alligator snapping turtle, but do no damage.
You feel sick. You block the merfolk impaler's attack.
You block the tentacle's attack.
The tentacle slaps you but does no damage.
Unknown command.
You slice the alligator snapping turtle!!
You slash the tentacle! x2
You slice the tentacle!!
You constrict the alligator snapping turtle.
You feel sick. You block the tentacle's attack.
You block the merfolk impaler's attack.
Unknown command.
You hit the alligator snapping turtle but do no damage.
You slash the tentacle! x2
You kill the tentacle!
You completely miss the tentacle.
You constrict the alligator snapping turtle.
You feel the power of Trog in you as your rage grows.
You kill the alligator snapping turtle!
Trog accepts your kill.
Your Evocations skill increases to level 10!
You feel sick. The tentacle slaps you!
* * * LOW HITPOINT WARNING * * *
You block the tentacle's attack. You block the merfolk impaler's attack.
The merfolk impaler hits you but does no damage.
Unknown command.
You are too berserk!
You are too berserk!
You barely miss the tentacle. You grab the tentacle.
You completely miss the tentacle. You constrict the tentacle.
* * * LOW HITPOINT WARNING * * *
You feel sick. The tentacle slaps you.
You die...

Action                   |  1- 3 |  4- 6 |  7- 9 | 10-12 | 13-15 || total
-------------------------+-------+-------+-------+-------+-------++-------
Melee: Executioner's axe |     4 |     4 |    30 |     9 |       ||    47
       War axe           |       |       |       |    72 |       ||    72
       Broad axe         |       |       |       |     5 |    64 ||    69
Invok: Berserk           |     1 |       |     3 |     3 |     1 ||     8
       Trog's Hand       |       |       |     1 |     6 |     2 ||     9
       Brothers in Arms  |       |       |       |     2 |       ||     2
       Burn Spellbooks   |       |       |       |     1 |       ||     1
  Use: Potion            |     1 |       |       |     5 |       ||     6
       Scroll            |       |       |       |     2 |     2 ||     4
  Eat: Chunk             |       |       |     1 |       |       ||     1
       Meat ration       |       |       |       |     1 |       ||     1
       Bread ration      |       |       |       |     2 |       ||     2

Notes
Turn   | Place    | Note
--------------------------------------------------------------
     0 | D        | hexophile the Naga Berserker began the quest for the Orb.
     0 | D        | Reached XP level 1. HP: 21/21 MP: 1/1
     0 | D        | Found an iron altar of Okawaru.
     0 | D        | Found a radiant altar of Vehumet.
     0 | D        | Found a burning altar of Makhleb.
     0 | D        | Found a shimmering altar of Xom.
     0 | D        | Found a deep blue altar of Sif Muna.
    14 | D        | Found a roughly hewn altar of Beogh.
    14 | D        | Found a corrupted altar of Lugonu.
    14 | D        | Found a viscous altar of Jiyva.
    14 | D        | Found a white marble altar of Elyvilon.
    14 | D        | Found a sparkling altar of Nemelex Xobeh.
    14 | D        | Found a bloodstained altar of Trog.
    20 | D        | Reached skill level 8 in Axes
    20 | D        | Reached XP level 2. HP: 28/28 MP: 2/2
    55 | D        | Entered arena 1.
    55 | D        | Noticed a toenail golem
    55 | D        | Noticed a toenail golem
    61 | D        | Killed a toenail golem
    61 | D        | Reached skill level 13 in Axes
    61 | D        | Reached XP level 3. HP: 34/34 MP: 3/3
    61 | D        | Reached XP level 4. HP: 42/42 MP: 4/4
    61 | D        | Reached XP level 5. HP: 49/49 MP: 5/5
    61 | D        | Reached XP level 6. HP: 56/56 MP: 6/6
    65 | D        | Killed a toenail golem
    65 | D        | Reached skill level 15 in Axes
    65 | D        | Reached XP level 7. HP: 62/62 MP: 7/7
    99 | D        | Identified Garunaq's Guide on Stolen Souls
   112 | D        | Entered arena 2.
   112 | D        | Noticed a draconian
   112 | D        | Noticed a draconian
   112 | D        | Noticed a draconian
   117 | D        | Killed a draconian
   117 | D        | Reached skill level 5 in Fighting
   117 | D        | Reached skill level 16 in Axes
   117 | D        | Reached XP level 8. HP: 74/74 MP: 8/8
   123 | D        | Killed a draconian
   123 | D        | Acquired Trog's second power
   123 | D        | Reached skill level 17 in Axes
   125 | D        | Killed a draconian
   125 | D        | Reached XP level 9. HP: 51/86 MP: 9/9
   263 | D        | Entered arena 3.
   263 | D        | Noticed a slime creature
   263 | D        | Noticed an eye of draining
   263 | D        | Noticed a jelly
   269 | D        | Killed an eye of draining
   269 | D        | Killed a jelly
   271 | D        | Killed a slime creature
   276 | D        | Identified Tughodgho's Sorcery, Part Two
   279 | D        | Got the ring of Xigi Tay {EV+2 Int-4 Dex+5}
   436 | D        | Entered arena 4.
   436 | D        | Noticed a wolf
   436 | D        | Noticed a black bear
   436 | D        | Noticed a wolf
   436 | D        | Noticed a spriggan
   439 | D        | Killed a wolf
   439 | D        | Reached skill level 18 in Axes
   441 | D        | Killed a spriggan
   442 | D        | Killed a black bear
   442 | D        | Acquired Trog's third power
   445 | D        | Killed a wolf
   455 | D        | Got the ring of Vopt {Wiz rN+ MR- Str+11 Int+3}
   476 | D        | Entered arena 5.
   476 | D        | Noticed a toenail golem
   476 | D        | Noticed a toenail golem
   476 | D        | Noticed a toenail golem
   476 | D        | Noticed a toenail golem
   476 | D        | Noticed a toenail golem
   480 | D        | Killed a toenail golem
   482 | D        | Killed a toenail golem
   482 | D        | Reached skill level 19 in Axes
   483 | D        | Killed a toenail golem
   483 | D        | Reached skill level 10 in Fighting
   483 | D        | Reached XP level 10. HP: 47/102 MP: 10/10
   485 | D        | Killed a toenail golem
   487 | D        | Killed a toenail golem
   695 | D        | Entered arena 6.
   695 | D        | Noticed an orc wizard
   695 | D        | Noticed an orc wizard
   695 | D        | Noticed an orc warrior
   695 | D        | Noticed an orc warrior
   695 | D        | Noticed an orc wizard
   699 | D        | Killed an orc wizard
   700 | D        | Killed an orc warrior
   700 | D        | Killed an orc warrior
   700 | D        | Reached skill level 20 in Axes
   701 | D        | Killed an orc wizard
   701 | D        | Received a gift from Trog
   703 | D        | Killed an orc wizard
   703 | D        | Received a gift from Trog
   715 | D        | Got the +8 great mace "Lygeseim" {antimagic, rPois Str+5}
   722 | D        | Entered arena 7.
   722 | D        | Noticed a golden eye
   722 | D        | Noticed a shining eye
   722 | D        | Noticed a slime creature
   722 | D        | Noticed an eye of draining
   722 | D        | Noticed a slime creature
   735 | D        | Killed a slime creature
   735 | D        | Reached skill level 1 in Shields
   735 | D        | Killed a slime creature
   738 | D        | Gained mutation: You are clumsy. (Dex -2) [a shining eye]
   739 | D        | Killed a shining eye
   740 | D        | Killed a golden eye
   750 | D        | Killed an eye of draining
   867 | D        | Entered arena 8.
   867 | D        | Noticed a fire dragon
   867 | D        | Noticed a stone giant
   867 | D        | Noticed a vault guard
   867 | D        | Noticed a vault guard
   867 | D        | Noticed a fire giant
   867 | D        | Noticed a vault guard
   867 | D        | Noticed an ironbrand convoker
   875 | D        | Killed an ironbrand convoker
   876 | D        | Killed a fire giant
   876 | D        | Received a gift from Trog
   876 | D        | Reached skill level 5 in Shields
   876 | D        | Reached XP level 11. HP: 100/114 MP: 11/11
   879 | D        | Killed a vault guard
   880 | D        | Killed a vault guard
   883 | D        | Killed a vault guard
   884 | D        | Killed a fire dragon
   888 | D        | Killed a stone giant
   998 | D        | Got the amulet "Zuicof" {Gourm rPois rF- Dex+3 Stlth+}
  1000 | D        | Got the amulet "Luehig" {Stasis rC+ rN+ Int+7}
  1241 | D        | Entered arena 9.
  1241 | D        | Noticed a deep elf knight
  1241 | D        | Noticed a deep elf mage
  1241 | D        | Noticed a deep elf conjurer
  1241 | D        | Noticed a salamander
  1241 | D        | Noticed a deep elf conjurer
  1241 | D        | Noticed a deep elf mage
  1241 | D        | Noticed a deep elf conjurer
  1241 | D        | Noticed a deep elf knight
  1246 | D        | Noticed an unseen horror
  1246 | D        | a salamander changed into an unseen horror
  1248 | D        | Killed a deep elf conjurer
  1248 | D        | Received a gift from Trog
  1250 | D        | Killed an unseen horror
  1250 | D        | Killed a deep elf conjurer
  1250 | D        | Reached skill level 10 in Armour
  1251 | D        | Killed a deep elf mage
  1252 | D        | Killed a deep elf knight
  1252 | D        | Received a gift from Trog
  1252 | D        | Reached XP level 12. HP: 92/126 MP: 12/12
  1254 | D        | Killed a deep elf conjurer
  1254 | D        | Reached skill level 10 in Shields
  1258 | D        | Killed a deep elf mage
  1267 | D        | Killed a deep elf knight
  1367 | D        | Received a gift from Trog
  1383 | D        | Entered arena 10.
  1383 | D        | Noticed a yaktaur
  1383 | D        | Noticed a vault sentinel
  1383 | D        | Noticed a vault guard
  1383 | D        | Noticed an ironbrand convoker
  1383 | D        | Noticed a yaktaur
  1383 | D        | Noticed a vampire mosquito
  1383 | D        | Noticed a yaktaur
  1383 | D        | Noticed a yaktaur
  1383 | D        | Noticed an ironheart preserver
  1383 | D        | Identified the +6 falchion of Noupnu {flame, Str+4 Int+4}
  1389 | D        | Killed a vampire mosquito
  1392 | D        | Killed a yaktaur
  1393 | D        | Killed an ironbrand convoker
  1393 | D        | Received a gift from Trog
  1400 | D        | Killed a yaktaur
  1400 | D        | Killed an ironheart preserver
  1401 | D        | Killed a vault guard
  1402 | D        | Killed a vault sentinel
  1402 | D        | Received a gift from Trog
  1404 | D        | Killed a yaktaur
  1406 | D        | Killed a yaktaur
  1410 | D        | Got a faintly glowing broad axe {god gift}
  1411 | D        | Identified the +1 broad axe of the Equator {chop, *Rage rF+ Int+4} (Trog gifted it to you in the Dungeon)
  1566 | D        | Entered arena 11.
  1566 | D        | Noticed an orb spider
  1566 | D        | Noticed a jumping spider
  1566 | D        | Noticed an entropy weaver
  1566 | D        | Noticed a tarantella
  1566 | D        | Noticed a wolf spider
  1567 | D        | Noticed a wolf spider
  1567 | D        | Noticed a hornet
  1568 | D        | Noticed a wolf spider
  1568 | D        | Noticed a jumping spider
  1569 | D        | Noticed a spider
  1571 | D        | Killed a wolf spider
  1571 | D        | Killed a tarantella
  1571 | D        | Received a gift from Trog
  1572 | D        | Killed a jumping spider
  1576 | D        | Killed a hornet
  1578 | D        | Killed a jumping spider
  1578 | D        | Killed a spider
  1578 | D        | Killed a wolf spider
  1578 | D        | Received a gift from Trog
  1580 | D        | Killed a wolf spider
  1584 | D        | Killed an entropy weaver
  1588 | D        | Killed an orb spider
  1937 | D        | Got the +5 scale mail of Parts Unknown {-Cast rN++ Dex+10}
  1988 | D        | Entered arena 12.
  1988 | D        | Noticed an iron golem
  1988 | D        | Noticed an iron golem
  1988 | D        | Noticed a crystal guardian
  1988 | D        | Noticed an earth elemental
  1988 | D        | Noticed an iron dragon
  1989 | D        | Noticed a quicksilver dragon
  1989 | D        | Noticed an iron golem
  1989 | D        | Noticed an iron dragon
  1989 | D        | Noticed an iron golem
  1989 | D        | Noticed an iron golem
  1992 | D        | Noticed an earth elemental
  1998 | D        | Killed a quicksilver dragon
  1998 | D        | Received a gift from Trog
  1998 | D        | Killed a crystal guardian
  1998 | D        | Gained mutation: You can use your snake-like lower body to constrict enemies. [Naga growth]
  1998 | D        | Reached XP level 13. HP: 136/136 MP: 4/13
  2002 | D        | Killed an iron dragon
  2002 | D        | Reached skill level 15 in Armour
  2006 | D        | Killed an iron golem
  2011 | D        | Killed an iron golem
  2014 | D        | Killed an iron golem
  2014 | D        | Reached skill level 15 in Fighting
  2017 | D        | Killed an earth elemental
  2018 | D        | Killed an earth elemental
  2022 | D        | Killed an iron golem
  2023 | D        | Killed an iron golem
  2033 | D        | Killed an iron dragon
  2071 | D        | Got the ring "Uleokawa" {AC+5 Dex+6}
  2096 | D        | Entered arena 13.
  2097 | D        | Noticed a blizzard demon
  2097 | D        | Noticed a skeletal warrior
  2098 | D        | Noticed a flying skull
  2098 | D        | Noticed a shadow
  2098 | D        | Noticed an ice devil
  2106 | D        | Killed a blizzard demon
  2109 | D        | Killed a skeletal warrior
  2110 | D        | Killed a flying skull
  2113 | D        | Killed a shadow
  2114 | D        | Killed an ice devil
  2132 | D        | Got the ring "Uggiod" {*Drain rC+ MR+ Str+3 Dex+3}
  2147 | D        | Entered arena 14.
  2148 | D        | Noticed a water nymph
  2148 | D        | Noticed a harpy
  2148 | D        | Noticed an alligator snapping turtle
  2148 | D        | Noticed a harpy
  2148 | D        | Noticed a merfolk impaler
  2148 | D        | Noticed a sea snake
  2149 | D        | Noticed a merfolk aquamancer
  2149 | D        | Noticed a harpy
  2149 | D        | Noticed a merfolk impaler
  2150 | D        | Noticed a hippogriff
  2150 | D        | Noticed a merfolk javelineer
  2150 | D        | Noticed a sea snake
  2155 | D        | Killed a sea snake
  2155 | D        | Killed a harpy
  2155 | D        | Received a gift from Trog
  2156 | D        | Noticed a kraken
  2157 | D        | Killed a merfolk aquamancer
  2157 | D        | Reached skill level 5 in Evocations
  2159 | D        | Killed a sea snake
  2159 | D        | Killed a harpy
  2160 | D        | Killed a harpy
  2160 | D        | Killed a hippogriff
  2160 | D        | HP: 37/208 [drowned by a water nymph (12)]
  2161 | D        | Killed a water nymph
  2161 | D        | Received a gift from Trog
  2161 | D        | Killed a merfolk javelineer
  2162 | D        | HP: 18/208 [poisoned by a sea snake]
  2165 | D        | Killed an alligator snapping turtle
  2165 | D        | Reached skill level 10 in Evocations
  2165 | D        | HP: 4/208 [tentacle[a kraken] (12)]
  2166 | D        | Slain by a tentacle

Table legend:
 A = Turns spent in this place as a percentage of turns spent in the entire game.
 B = Non-inter-level travel turns spent in this place as a percentage of non-inter-level travel turns spent in the entire game.
 C = Inter-level travel turns spent in this place as a percentage of turns spent in this place.
 D = Turns resting spent in this place as a percentage of non-inter-level travel turns spent in this place.
 E = Turns spent auto-exploring this place as a percentage of non-inter-level travel turns spent in this place.
 F = Non-inter-level travel turns spent in this place divided by the number of levels of this place that you've seen.
                   A       B       C       D       E      F
               +-------+-------+-------+-------+-------+----------------------
         Total | 100.0 | 100.0 |   0.0 |  11.0 |   0.0 | 746.0
       Dungeon | 100.0 | 100.0 |   0.0 |  11.0 |   0.0 | 746.0
               +-------+-------+-------+-------+-------+----------------------

Table legend:
 A = Kills in this place as a percentage of kills in entire the game.
 B = Kills by you in this place as a percentage of kills by you in the entire game.
 C = Kills by friends in this place as a percentage of kills by friends in the entire game.
 D = Other kills in this place as a percentage of other kills in the entire game.
 E = Experience gained in this place as a percentage of experience gained in the entire game.
 F = Experience gained in this place divided by the number of levels of this place that you have seen.
                   A       B       C       D       E      F
               +-------+-------+-------+-------+-------+----------------------
         Total | 100.0 | 100.0 | 100.0 |  -nan | 100.0 | 50168.0
       Dungeon | 100.0 | 100.0 | 100.0 |  -nan | 100.0 | 50168.0
               +-------+-------+-------+-------+-------+----------------------

Vanquished Creatures
  A quicksilver dragon (D)
  2 iron dragons (D)
  A fire giant (D)
  An ironheart preserver (D)
  A stone giant (D)
  4 vault guards (D)
  A blizzard demon (D)
  A merfolk javelineer (D)
  A crystal guardian (D)
  A fire dragon (D)
  A merfolk aquamancer (D)
  An alligator snapping turtle (D)
  5 iron golems (D)
  2 deep elf knights (D)
  A skeletal warrior (D)
  An ice devil (D)
  2 sea snakes (D)
  An unseen horror (shapeshifter) (D)
  2 ironbrand convokers (D)
  3 deep elf conjurers (D)
  3 harpies (D)
  A shining eye (D)
  A water nymph (D)
  3 draconians (D)
  7 toenail golems (D)
  A vault sentinel (D)
  A jumping spider (D)
  4 yaktaurs (D)
  3 slime creatures (D)
  A flying skull (D)
  A shadow (D)
  A spriggan (D)
  2 wolves (D)
  2 deep elf magi (D)
  A golden eye (D)
  A hippogriff (D)
  A vampire mosquito (D)
  2 eyes of draining (D)
  A black bear (D)
  2 orc warriors (D)
  2 earth elementals (D)
  A jelly (D)
  3 orc wizards (D)
  2 oozes (D)
  An adder zombie (D)
  An orc (D)
  2 bat skeletons (D)
  2 jackal skeletons (D)
  A jackal zombie (D)
  A quokka zombie (D)
  A tentacle (D)
89 creatures vanquished.

Vanquished Creatures (collateral kills)
  An entropy weaver (D)
  An orb spider (D)
  3 wolf spiders (D)
  A hornet (D)
  A jumping spider (D)
  A tarantella (D)
  A spider (D)
9 creatures vanquished.

Vanquished Creatures (others)
  A tentacle (D)
  250 tentacle segments (D)
251 creatures vanquished.

Grand Total: 349 creatures vanquished
